 Dungeon Crawl Stone Soup version 0.30-a0-1160-g6e42c06551 (webtiles) character file.

Game seed: 2822030060129839895

54 kae the Insei (level 3, -2/27 HPs)
             Began as a Demigod Transmuter on Apr 25, 2023.
             Succumbed to a gnoll's poison
             ... on level 2 of the Dungeon.
             The game lasted 00:01:06 (1112 turns).

kae the Insei (Demigod Transmuter)                  Turns: 1112, Time: 00:01:07

Health: -2/27      AC:  6    Str: 11    XL:     3   Next: 44%
Magic:  6/9        EV: 19    Int: 19    God:
Gold:   110        SH:  0    Dex: 19    Spells: 0/6 levels left

rFire   . .          .
                       - Unarmed
rCold   . . .        (shield currently unavailable)
rNeg    . . .        a - melded +1 robe
rPois   .            (helmet currently unavailable)
rElec   .            (cloak currently unavailable)
rCorr   .            (gloves currently unavailable)
SInv    .            (boots currently unavailable)
Will    .....        (no amulet)
Stlth   ++           O - +4 ring of protection
HPRegen 0.24/turn    P - ring of poison resistance
MPRegen 0.11/turn

%: no passive effects
@: lethally poisoned (-2 -> -17), spider-form (expiring)
A: venomous fangs, tiny, high MP 1, forlorn, divine attributes
a: End Transformation


You were on level 2 of the Dungeon.
You were a venomous arachnid creature.
You visited 1 branch of the dungeon, and saw 2 of its levels.

You collected 110 gold pieces.


Innate Abilities, Weirdness & Mutations

You are a venomous arachnid creature.
You have venomous fangs.
You are tiny and dextrous.
Your spellcasting is less reliable in this form.
Your armour is entirely melded.
You are incapable of wielding weapons or throwing items.
You have an increased reservoir of magic. (+10% MP)
You shall have no god before yourself.
Your divine heritage dramatically boosts your attributes as you level up.


   Skills:
 - Level 0.8 Fighting
 - Level 1.7 Dodging
 - Level 2.6 Unarmed Combat
 + Level 2.2 Spellcasting
 + Level 2.3 Transmutations
 * Level 2.0 Poison Magic


You couldn't memorise any spells.
You knew the following spells:

 Your Spells              Type           Power      Damage    Failure   Level
a - Beastly Appendage     Tmut           22%        N/A       17%         1
b - Wereblood             Tmut           11%        N/A       24%         2
c - Spider Form           Tmut/Pois      10%        N/A       41%         3

Your spell library contained the following spells:

 Spells                   Type           Power      Damage    Failure   Level
 Ice Form                 Ice/Tmut       6%         N/A       86%         4

Inventory:

Missiles
 e - 19 stones
 j - a throwing net {=f!f}
Armour
 a - a +1 robe (melded)
Jewellery
 I - a +6 ring of intelligence
   (You found it on level 2 of the Dungeon)
 O - a +4 ring of protection (left front pincers)
   (You found it on level 1 of the Dungeon)
 P - a ring of poison resistance (right front pincers)
   (You found it on level 1 of the Dungeon)
Scrolls
 c - a scroll of teleportation {unknown}
 d - a scroll of vulnerability {!r!r}
 g - a scroll of identify {unknown}
Potions
 b - a potion of lignification {!q}
 f - 2 potions of curing {unknown}
 h - a potion of degeneration {unknown}
 i - a potion of heal wounds {unknown}

Dungeon Overview and Level Annotations

Branches:
Dungeon (2/15) Zot: 10893

******** *,,,,,,* *,,,,,,* ###
*,,,,,,* #>## *,,,,,,* #..###
*,,,,,,*
#....###############,,,,,,******
#.##........gg.s...+,,,,,,+,,,,,
#$##################,,,,,,**,*,*
#g# *********,*,* #g# *,*,* #g#
*,*+* #.# *,,,, #.# *,,,, #.#
*,,,, #.# ######
*######******,,,,


You could see 2 gnolls.


Message History

Unknown command.
You now have 110 gold pieces (gained 11).
j - a throwing net {=f!f}
I - a +6 ring of intelligence 😎 HP[+9] MP[+1]
Your hp is fully restored (27).
Your mp is fully restored (8).
Key pressed, stopping explore.
Unknown command.
You open the door.
There is an open door here.
There is an open door here.
e - 19 stones (gained 4)
A gnoll comes into view. It is wielding a +0 spear.
The gnoll shouts!
A gnoll comes into view. It is wielding a +2 spear of venom.
A gnoll comes into view. It is wielding a +0 whip.
There are monsters nearby!
There are monsters nearby!
Casting: Beastly Appendage (safe; 7% risk of failure)
Confirm with . or Enter, or press ? or * to list all spells.
You grow a pair of large bovine horns.
Your feet morph into talons.
The gnoll shouts! x2
A gnoll comes into view. It is wielding a +0 spear. 😎 MP[-1]
You lost 1 mp, and now have 7/8 mp.
The gnoll hits you but does no damage.
The gnoll hits you from afar with a +2 spear of venom. 😕 HP[-4]
You take 4 damage, and now have 23/27 hp.
Unknown command.
The gnoll barely misses you.
Your transformation is almost over. 😕 HP[+1] 😕 MP[+1]
Your mp is fully restored (8). 😕 HP[+1]
Your horns disappear.
Your talons disappear. 😕 HP[+1] 😎 HP[+1]
Your hp is fully restored (27).
Found a stone staircase leading down.
You see here 6 gold pieces.
Found a stone staircase leading up.
You see here 13 gold pieces.
There is a stone staircase leading up here.
Casting: Beastly Appendage (safe; 7% risk of failure)
Confirm with . or Enter, or press ? or * to list all spells.
The spell is extremely dangerous to miscast (22% risk of failure)!
Continue anyway? [Y]es or [N]o only, please.
The spell is extremely dangerous to miscast (22% risk of failure)!
Continue anyway?
You turn into a venomous arachnid creature.
Your +1 robe melds into your body.
The gnoll hits you but does no damage. 😎 MP[-3]
You lost 3 mp, and now have 5/8 mp.
The gnoll hits you with a +0 spear. The gnoll barely misses you. 😕 HP[-3]
You take 3 damage, and now have 24/27 hp.
You bite the gnoll!
The gnoll is poisoned. 😕 HP[+1]
You hit the gnoll. The gnoll barely misses you.
Unknown command.
You hit the gnoll.
You kill the gnoll!
The gnoll closely misses you. The gnoll misses you.
Things that are here:
a +0 spear; 13 gold pieces You hit the gnoll.
The gnoll closely misses you.
The gnoll hits you from afar with a +2 spear of venom.
You are poisoned. 😕 HP[-2]
You take 2 damage, and now have 23/27 hp.
You bite the gnoll!
The gnoll is poisoned.
Your transformation is almost over.
You feel very sick. The gnoll misses you.
The gnoll hits you from afar with a +2 spear of venom.
You are more poisoned. 😮 HP[-4]
You take 4 damage, and now have 19/27 hp.
You hit the gnoll but do no damage.
The gnoll looks as sick as possible!
You feel very sick. The gnoll closely misses you.
The gnoll hits you from afar with a +2 spear of venom.
* * * LOW HITPOINT WARNING * * *
You are more poisoned. 😨 HP[-9] MP[+1]
You take 9 damage, and now have 10/27 hp.
MASSIVE DAMAGE!! (PAUSE)
* * * LOW HITPOINT WARNING * * *
You feel very sick.
You kill the gnoll!
Your Poison Magic skill increases to level 2! 😱 HP[-5]
You take 5 damage, and now have 5/27 hp.
* * * LOW HITPOINT WARNING * * *
You feel very sick.
There is a stone staircase leading up here. 😱 HP[-3]
You take 3 damage, and now have 2/27 hp.
You die...

Skill      XL: |  1  2  3 |
---------------+----------+-----
Transmutations | 2 |  2.3
Poison Magic   | 1 2 |  2.0
Spellcasting   | 2 |  2.2
Fighting       | |  0.8
Dodging        | |  1.7
Unarmed Combat | |  2.6

Action                     || total
---------------------------++-------
  Melee: Unarmed           ||    66
         Kick              ||     8
         Headbutt          ||     5
         Punch             ||     1
   Cast: Beastly Appendage ||    17
         Spider Form       ||     1
    Use: Scroll            ||     3
   Stab: Sleeping          ||     1
 Armour: Robe              ||    15
         Skin              ||     1
  Dodge: Dodged            ||    43

Levels and vault maps discovered:
D:1:      amcnicky_arrival_abandoned_market, layout_basic,
          ebering_ecumenical_altar_box, chequers_garden
D:2:      layout_basic, chequers_serial_rivers_room_a

Notes
Turn   | Place    | Note
-------+----------+-------------------------------------------
     0 | D:1      | kae the Demigod Transmuter began the quest for the Orb.
     0 | D:1      | Reached XP level 1. HP: 15/15 MP: 5/5
     0 | D:1      | magus.rc [v1.11.3]
   122 | D:1      | Reached skill level 2 in Transmutations
   198 | D:1      | Reached skill level 1 in Poison Magic
   208 | D:1      | Reached skill level 2 in Spellcasting
   208 | D:1      | Reached XP level 2. HP: 21/22 MP: 5/7
   772 | D:2      | Identified the +7 short sword "Luineik" {freeze, Stlth+}
   832 | D:2      | Reached XP level 3. HP: 27/27 MP: 6/8
   835 | D:2      | Learned a level 2 spell: Wereblood
   839 | D:2      | Learned a level 3 spell: Spider Form
  1110 | D:2      | HP: 5/27 [poisoned by a gnoll]
  1111 | D:2      | Reached skill level 2 in Poison Magic
  1111 | D:2      | HP: 2/27 [poisoned by a gnoll]
  1112 | D:2      | Succumbed to a gnoll's poison

Vanquished Creatures
  2 gnolls (D:2)
  A worm (D:2)
  2 dart slugs
  3 bats (D:1)
  4 endoplasms (D:1)
  A goblin (D:1)
  5 hobgoblins
  A kobold (D:1)
  A quokka (D:1)
  2 ball pythons
  2 frilled lizards (D:1)
  4 rats
28 creatures vanquished.

Table legend:
 A = Non-vault XP
 B = Vault XP
 C = Vault XP percentage of total XP
 D = Non-vault monster count
 E = Vault monster count
 F = Vault count percentage of total count
                 A         B        C        D         E       F
            +---------+---------+-------+---------+---------+-------
      Total |      78 |       0 |   0.0 |      28 |       0 |   0.0
            +---------+---------+-------+---------+---------+-------
        D:1 |      37 |       0 |   0.0 |      21 |       0 |   0.0
        D:2 |      41 |       0 |   0.0 |       7 |       0 |   0.0
            +---------+---------+-------+---------+---------+-------

Skill      XL: |  1  2  3 |
---------------+----------+-----
Transmutations | 2 |  2.3
Poison Magic   | 1 2 |  2.0
Spellcasting   | 2 |  2.2
Fighting       | |  0.8
Dodging        | |  1.7
Unarmed Combat | |  2.6

Action                     || total
---------------------------++-------
  Melee: Unarmed           ||    66
         Kick              ||     8
         Headbutt          ||     5
         Punch             ||     1
   Cast: Beastly Appendage ||    17
         Spider Form       ||     1
    Use: Scroll            ||     3
   Stab: Sleeping          ||     1
 Armour: Robe              ||    15
         Skin              ||     1
  Dodge: Dodged            ||    43

Illustrated notes

Table legend:
 A = Kills in this place as a percentage of kills in the entire game.
 B = Kills by you in this place as a percentage of kills by you in the entire game.
 C = Kills by friends in this place as a percentage of kills by friends in the entire game.
 D = Other kills in this place as a percentage of other kills in the entire game.
 E = Experience gained in this place as a percentage of experience gained in the entire game.
 F = Experience gained in this place divided by the number of levels of this place that you have seen.
                   A       B       C       D       E      F
               +-------+-------+-------+-------+-------+----------------------
         Total | 100.0 | 100.0 |   N/A |   N/A | 100.0 |  39.0
       Dungeon | 100.0 | 100.0 |   N/A |   N/A | 100.0 |  39.0
               +-------+-------+-------+-------+-------+----------------------

Table legend: (Time is in decaauts)
 A = Elapsed time spent in this place.
 B = Non-inter-level travel time spent in this place.
 C = Inter-level travel time spent in this place.
 D = Time resting spent in this place.
 E = Time spent auto-exploring this place.
 F = Levels seen in this place.
 G = Mean time per level.
                   A        B        C        D        E       F      G
               +--------+--------+--------+--------+--------+-----+--------+
         Total |   1106 |   1097 |      9 |      0 |    854 |   2 |  553.0 |
       Dungeon |   1106 |   1097 |      9 |      0 |    854 |   2 |  553.0 |
               +--------+--------+--------+--------+--------+-----+--------+

Top non-repeatable levels by time:
     D:1: 557 daAuts
     D:2: 549 daAuts
